 Dungeon Crawl Stone Soup version 0.19-a0-36-g4a0968a (webtiles) character file.

415 Zhenya25pyc the Skirmisher (level 6, -4/40 HPs)
             Began as a Gargoyle Fighter on May 4, 2016.
             Slain by a gnoll
             ... wielding a +0 halberd
              (7 damage)
             ... on level 4 of the Dungeon.
             The game lasted 00:05:33 (2310 turns).

Zhenya25pyc the Skirmisher (Gargoyle Fighter)       Turns: 2310, Time: 00:05:34

Health: -4/40      AC: 12    Str: 22    XL:     6   Next: 92%
Magic:  15/15      EV:  7    Int:  8    God:
Gold:   116        SH:  9    Dex:  9    Spells: 0 memorised, 5 levels left

rFire  . . .     SeeInvis .     a - +0 flail
rCold  . . .     Gourm    .     b - +0 scale mail
rNeg   + . .     Faith    .     c - +0 shield
rPois  ∞         Spirit   .     (no helmet)
rElec  +         Dismiss  .     (no cloak)
rCorr  .         Reflect  .     t - +0 pair of gloves
SustAt .         Harm     .     (no boots)
MR     +....                    (no amulet)
Stlth  ..........               v - ring of magical power
                                h - ring of protection from magic

@: somewhat resistant to hostile enchantments, extremely unstealthy
A: negative energy resistance 1, electricity resistance, unbreathing,
petrification resistance, rot immunity, AC +4
a: no special abilities


You were on level 4 of the Dungeon.
You were hungry.

You visited 1 branch of the dungeon, and saw 4 of its levels.

You collected 116 gold pieces.

Inventory:

Hand Weapons
 a - a +0 flail (weapon)
Armour
 b - a +0 scale mail (worn)
 c - a +0 shield (worn)
 t - a +0 pair of gloves (worn)
Jewellery
 h - a ring of protection from magic (left hand)
 v - a ring of magical power (right hand)
Scrolls
 e - a scroll of noise {unknown}
 g - 5 scrolls of remove curse {unknown}
 j - 3 scrolls of teleportation {unknown}
 n - 2 scrolls of amnesia {unknown}
 o - 3 scrolls of identify {unknown}
 p - 2 scrolls of magic mapping {unknown}
 s - a scroll of fog {unknown}
 u - a scroll of recharging {unknown}
 y - a scroll of fear {unknown}
Potions
 d - a potion of might
 k - a potion of cure mutation {unknown}
 m - 2 potions of curing {unknown}
 r - a potion of heal wounds {unknown}
 w - a potion of flight {unknown}
 x - a potion of degeneration {unknown}
 z - a potion of lignification {unknown}
Comestibles
 f - 2 bread rations
 i - a royal jelly
 l - a beef jerky
 q - 2 meat rations


   Skills:
 + Level 4.8 Fighting
 * Level 4.8 Maces & Flails
 + Level 4.7 Armour
 + Level 4.3 Shields


You had 5 spell levels left.
You didn't know any spells.

Dungeon Overview and Level Annotations

Branches:
Dungeon (4/15)
 Temple: D:4-7

Altars:
Elyvilon
Xom


Innate Abilities, Weirdness & Mutations

You are resistant to torment.
Your stone body is resilient (AC +4).
You are immune to poison.
You resist negative energy.
You are resistant to electric shocks.
You can survive without breathing.
You are immune to petrification.
You are immune to rotting.


Message History

You are too injured to fight recklessly!
You are too injured to fight recklessly!
Unknown command.
You are too injured to fight recklessly!
You are too injured to fight recklessly!
You are too injured to fight recklessly!
Unknown command.
You are too injured to fight recklessly!
You hit the gnoll but do no damage. The gnoll hits you with a halberd.
* * * LOW HITPOINT WARNING * * *
You block the gnoll's attack.
You hit the gnoll but do no damage. You block the gnoll's attack.
The gnoll hits you from afar with a halberd!
* * * LOW HITPOINT WARNING * * *
You block the giant frog skeleton's attack.
You closely miss the gnoll.
The giant frog skeleton hits you but does no damage.
You block the gnoll's attack.
The gnoll hits you from afar with a halberd!
You die...

#........# ##
#........#
#........#
##........#
#.........#
#.........#
#...........
...######.........
......†@...#####..
.....gZg...# ..
##[............
#.......#......
#...#####......
#.... ...... #...
...... #... .....


You could see 2 gnolls and a giant frog skeleton.

Vanquished Creatures
  An ogre (D:4)
  The ghost of ololoev the Magician, an amateur DEFE (D:3)
  2 orc wizards (D:3)
  A worker ant (D:4)
  2 gnolls (D:4)
  7 adders
  3 oozes
  A worm (D:2)
  6 dart slugs
  3 orcs
  A ball python (D:2)
  3 giant cockroaches
  9 goblins
  3 hobgoblins
  12 jackals
  8 kobolds
  A quokka (D:3)
  6 bats
  A giant gecko skeleton (D:4)
  2 giant newts (D:1)
  10 rats
83 creatures vanquished.

Notes
Turn   | Place    | Note
--------------------------------------------------------------
     0 | D:1      | Zhenya25pyc the Gargoyle Fighter began the quest for the Orb.
     0 | D:1      | Reached XP level 1. HP: 14/14 MP: 1/1
   136 | D:1      | Reached XP level 2. HP: 14/19 MP: 2/2
   416 | D:2      | Reached XP level 3. HP: 18/24 MP: 3/3
   532 | D:2      | Found a white marble altar of Elyvilon.
   762 | D:2      | Reached XP level 4. HP: 26/29 MP: 4/4
   878 | D:2      | Found a shimmering altar of Xom.
  1247 | D:3      | Reached XP level 5. HP: 28/33 MP: 5/5
  1296 | D:3      | Noticed ololoev's ghost (amateur DEFE)
  1321 | D:3      | Killed ololoev's ghost
  1324 | D:3      | Reached XP level 6. HP: 14/39 MP: 6/6
  2310 | D:4      | Slain by a gnoll

Vault maps used:
D:1:      dpeg_arrival_sounds_slurp
D:2:      lemuel_crystal_altar, elyvilon_altar_1
D:3:      serial_glass, glass_columns_a, glass_columns_b
D:4:      serial_shops, shop, first_bread, grunt_ministairs_14

Skill      XL: |  1  2  3  4  5 |
---------------+----------------+-----
Maces & Flails | 3 4 |  4.8
Fighting       | 4 |  4.8
Armour         | 4 |  4.7
Shields        | 4 |  4.3

Action                   |  1- 3 |  4- 6 || total
-------------------------+-------+-------++-------
Melee: Flail             |   146 |   258 ||   404
  Eat: Chunk             |       |     5 ||     5
Armor: Scale mail        |    93 |   160 ||   253
Dodge: Dodged            |    53 |    86 ||   139
Block: Shield            |    71 |   180 ||   251
